 Dungeon Crawl Stone Soup version 0.29.1-12-g30fa7ad0bf (webtiles) character file.

Game seed: 10023436930600923421

81 wormed the Thaumaturge (level 4, -1/32 HPs)
             Began as a Gnoll Wanderer on Dec 27, 2022.
             Slain by a gnoll
             ... wielding a +0 flail
              (3 damage)
             ... on level 3 of the Dungeon.
             The game lasted 00:07:26 (3610 turns).

wormed the Thaumaturge (Gnoll Wanderer)             Turns: 3610, Time: 00:07:26

Health: -1/32      AC:  2    Str: 11    XL:     4   Next: 42%
Magic:  7/15       EV: 12    Int: 16    God:
Gold:   216        SH:  0    Dex:  9    Spells: 18/21 levels left

rFire   . . .      SeeInvis .   a - +0 dagger
rCold   . . .      Faith    .   (no shield)
rNeg    . . .      Spirit   .   d - +0 robe
rPois   .          Reflect  .   (no helmet)
rElec   .          Harm     .   (no cloak)
rCorr   .          Rampage  .   (no gloves)
Will    .....                   (no boots)
Stlth   ++........              (no amulet)
HPRegen 0.10/turn               (no ring)
MPRegen 0.14/turn               (no ring)

@: no status effects
A: fangs 1, strong nose, distributed training
a: no special abilities


You were on level 3 of the Dungeon.
You visited 1 branch of the dungeon, and saw 3 of its levels.

You collected 216 gold pieces.

Inventory:

Hand Weapons
 a - a +0 dagger (weapon)
Missiles
 b - 13 poisoned darts (quivered)
 i - 5 javelins
 l - 3 datura-tipped darts
Armour
 d - a +0 robe (worn)
Jewellery
 e - an amulet of magic regeneration
 n - a ring of wizardry
Wands
 o - a wand of light (10)
Scrolls
 h - a scroll of noise {unknown}
 m - 3 scrolls of teleportation {unknown}
 q - a scroll of immolation {unknown}
Potions
 f - 3 potions of brilliance {unknown}
 g - a potion of mutation {unknown}
 j - a potion of flight {unknown}
 k - a potion of haste {unknown}
 p - 2 potions of curing {unknown}


   Skills:
 + Level 1.2 Fighting
 + Level 1.2 Short Blades
 + Level 1.2 Long Blades
 + Level 1.2 Axes
 + Level 1.2 Maces & Flails
 + Level 1.2 Polearms
 + Level 1.2 Staves
 + Level 1.2 Ranged Weapons
 + Level 2.8 Throwing
 + Level 2.8 Armour
 + Level 2.8 Dodging
 + Level 2.6 Stealth
 + Level 1.2 Shields
 + Level 1.2 Unarmed Combat
 + Level 9.3 Spellcasting
 + Level 1.0 Conjurations
 + Level 1.0 Hexes
 + Level 1.0 Summonings
 + Level 1.0 Necromancy
 + Level 2.2 Translocations
 + Level 1.0 Transmutations
 + Level 1.0 Fire Magic
 + Level 1.0 Ice Magic
 + Level 1.0 Air Magic
 + Level 1.0 Earth Magic
 + Level 1.0 Poison Magic
 + Level 1.3 Invocations
 + Level 1.2 Evocations


You had 18 spell levels left.
You knew the following spells:

 Your Spells              Type           Power      Damage    Failure   Level
a - Necrotise             Necr           40%        1d6       6%          1
b - Blink                 Tloc           28%        N/A       6%          2

Your spell library contained the following spells:

 Spells                   Type           Power      Damage    Failure   Level
 Apportation              Tloc           28%        N/A       3%          1
 Lesser Beckoning         Tloc           14%        N/A       12%         3
 Portal Projectile        Hex/Tloc       24%        N/A       16%         3
 Mephitic Cloud           Conj/Pois/Air  10%        N/A       19%         3
 Manifold Assault         Tloc           14%        N/A       71%         5
 Storm Form               Tmut/Air       5%         N/A       100%        7


Dungeon Overview and Level Annotations

Branches:
Dungeon (3/15)

Altars:
Dithmenos
Elyvilon

Shops:
D:3 *


Innate Abilities, Weirdness & Mutations

You have very sharp teeth.
Your uncanny sense of smell can sniff out nearby items.
Your experience applies equally to all skills.


Message History

The gnoll hits the bush but does no damage.
The hound bites you but does no damage. The hound bites you.
Casting: Necrotise (safe; 6% risk of failure)
Confirm with . or Enter, or press ? or * to list all spells.
Aiming: Necrotise (safe; 6% risk of failure)
Press: ? - help, Shift-Dir - straight line, f/p - hound
Aim: a hound (moderately wounded, chance to affect: 71%)
You miscast Necrotise.
Nothing appears to happen.
The hound closely misses you. The hound barely misses you.
The gnoll hits the bush but does no damage.
Casting: Necrotise (safe; 6% risk of failure)
Confirm with . or Enter, or press ? or * to list all spells.
You blink.
The hound bites the bush but does no damage.
You feel stable enough to blink again. The hound closely misses you.
The hound attacks as you move away! The hound closely misses you.
Casting: Blink (safe; 6% risk of failure)
Confirm with . or Enter, or press ? or * to list all spells.
You blink.
You feel stable enough to blink again. The hound bites you but does no damage.
The hound misses you. The hound barely misses you.
The hound attacks as you move away! The hound bites you.
The hound attacks as you move away! The hound bites you but does no damage.
The gnoll hits you with a +0 flail! The hound bites you.
* * * LOW HITPOINT WARNING * * *
Your magical contamination has completely faded away.
Casting: Blink (safe; 6% risk of failure)
Confirm with . or Enter, or press ? or * to list all spells.
You blink.
The gnoll attacks as you move away! The gnoll misses you.
The hound attacks as you move away! The hound closely misses you.
The hound bites you.
* * * LOW HITPOINT WARNING * * *
As you read the scroll of fog, it crumbles to dust.
The scroll dissolves into smoke.
You feel stable enough to blink again. The gnoll hits you with a +0 flail.
You die...

#.####..........Z...#
∆####.#.#.#######.##
#......#..## #.#
#..#.......# #.#
#.#.####.~~~.# #.#
#.........~~.# #.#
###.####..§§§# #.#
.........§gh#####.#
##...<#.~§h@§§.†..#
############..#####.#..#
.........).....g.......#
############.###..P.P..#
....# #.######'####
.>..# #....# ..+∆
....#############...#
#...............#...+
#.######################


You could see 2 hounds and a gnoll.

Vanquished Creatures
  An adder (D:2)
  2 worms
  An orc (D:3)
  4 bats
  5 endoplasms
  6 giant cockroaches
  4 goblins
  8 hobgoblins
  A quokka (D:2)
  5 ball pythons
  4 frilled lizards
  2 kobolds
  12 rats
55 creatures vanquished.

Vanquished Creatures (collateral kills)
  A dart slug (D:2)
  An orc (D:3)
  A bat (D:1)
  A quokka (D:1)
  A ball python (D:1)
5 creatures vanquished.

Grand Total: 60 creatures vanquished

Notes
Turn   | Place    | Note
-------+----------+-------------------------------------------
     0 | D:1      | Reached skill level 9 in Spellcasting
     0 | D:1      | wormed the Gnoll Wanderer began the quest for the Orb.
     0 | D:1      | wormed set off with the following items: a +0 dagger, 13
                  | poisoned darts, a scroll of fog, a +0 robe; and the
                  | following spells available to memorise: Apportation,
                  | Necrotise, Lesser Beckoning, Portal Projectile, Mephitic
                  | Cloud.
     0 | D:1      | Reached XP level 1. HP: 13/13 MP: 10/10
     2 | D:1      | Learned a level 1 spell: Necrotise
   266 | D:1      | Found a faded altar of an unknown god.
   296 | D:1      | Reached XP level 2. HP: 19/19 MP: 9/12
   947 | D:2      | Reached XP level 3. HP: 25/25 MP: 11/13
  1253 | D:2      | Reached skill level 1 in Invocations
  1309 | D:2      | Learned a level 2 spell: Blink
  1549 | D:2      | Reached skill level 1 in Fighting
  1549 | D:2      | Reached skill level 1 in Short Blades
  1549 | D:2      | Reached skill level 1 in Long Blades
  1549 | D:2      | Reached skill level 1 in Axes
  1549 | D:2      | Reached skill level 1 in Maces & Flails
  1549 | D:2      | Reached skill level 1 in Polearms
  1549 | D:2      | Reached skill level 1 in Staves
  1549 | D:2      | Reached skill level 1 in Ranged Weapons
  1549 | D:2      | Reached skill level 1 in Shields
  1549 | D:2      | Reached skill level 1 in Unarmed Combat
  1549 | D:2      | Reached skill level 1 in Evocations
  2115 | D:2      | Reached XP level 4. HP: 32/32 MP: 12/15
  2691 | D:3      | Found a shadowy altar of Dithmenos.
  2914 | D:3      | Found Rikuoves's General Store.
  2968 | D:3      | Found a white marble altar of Elyvilon.
  3183 | D:3      | Reached skill level 1 in Conjurations
  3183 | D:3      | Reached skill level 1 in Hexes
  3183 | D:3      | Reached skill level 1 in Summonings
  3183 | D:3      | Reached skill level 1 in Necromancy
  3183 | D:3      | Reached skill level 1 in Transmutations
  3183 | D:3      | Reached skill level 1 in Fire Magic
  3183 | D:3      | Reached skill level 1 in Ice Magic
  3183 | D:3      | Reached skill level 1 in Air Magic
  3183 | D:3      | Reached skill level 1 in Earth Magic
  3183 | D:3      | Reached skill level 1 in Poison Magic
  3610 | D:3      | Slain by a gnoll

Illustrated notes

Levels and vault maps discovered:
D:1:      evilmike_arrival_plus, layout_basic,
          hellmonk_ecumenical_altar_heavens_door
D:2:      layout_basic, columned_hall_lemuel, minmay_rat_gold_closets
D:3:      layout_basic, mainiacjoe_overflow_concentric_impassable,
          mainiacjoe_overflow_small_starburst, serial_shops, nicolae_shop_trees,
          chequers_serial_rivers_micro_c, cheibrodos_gnoll_hut

Skill      XL: |  1  2  3  4 |
---------------+-------------+-----
Spellcasting   | |  9.3
Translocations | 2 |  2.2
Invocations    | 1 |  1.3
Fighting       | 1 |  1.2
Short Blades   | 1 |  1.2
Long Blades    | 1 |  1.2
Axes           | 1 |  1.2
Maces & Flails | 1 |  1.2
Polearms       | 1 |  1.2
Staves         | 1 |  1.2
Ranged Weapons | 1 |  1.2
Shields        | 1 |  1.2
Unarmed Combat | 1 |  1.2
Evocations     | 1 |  1.2
Conjurations   | 1 |  1.0
Hexes          | 1 |  1.0
Summonings     | 1 |  1.0
Necromancy     | 1 |  1.0
Transmutations | 1 |  1.0
Fire Magic     | 1 |  1.0
Ice Magic      | 1 |  1.0
Air Magic      | 1 |  1.0
Earth Magic    | 1 |  1.0
Poison Magic   | 1 |  1.0
Throwing       | |  2.8
Armour         | |  2.8
Dodging        | |  2.8
Stealth        | |  2.6

Action                   |  1- 3 |  4- 6 || total
-------------------------+-------+-------++-------
Melee: Dagger            |    17 |       ||    17
       Bite              |     2 |       ||     2
 Cast: Necrotise         |    95 |    51 ||   146
       Blink             |       |     3 ||     3
  Use: Scroll            |       |     1 ||     1
Armor: Robe              |    18 |     5 ||    23
Dodge: Dodged            |    31 |    19 ||    50
